 Dungeon Crawl Stone Soup version 0.31-a0-818-ge7c7cf74f0 (webtiles) character file.

Game seed: 12308088095549665416

28 Essalna the Conjurer (level 3, 24/24 HPs)
             Began as a Demonspawn Conjurer on Sept 23, 2023.
             Got out of the dungeon alive.
             The game lasted 00:01:36 (1076 turns).

Essalna the Conjurer (Demonspawn Conjurer)          Turns: 1076, Time: 00:01:37

Health: 24/24      AC:  2    Str:  7    XL:     3   Next: 0%
Magic:  7/7        EV: 12    Int: 21    God:
Gold:   25         SH:  0    Dex: 11    Spells: 6/7 levels left

rFire   . . .        d - +0 dagger
rCold   . . .        (no shield)
rNeg    . . .        a - +0 robe
rPois   .            (no helmet)
rElec   .            (no cloak)
rCorr   .            (no gloves)
SInv    .            (no boots)
Will    .....        (no amulet)
Stlth   ++           (no ring)
HPRegen 0.24/turn    (no ring)
MPRegen 0.10/turn

%: no passive effects
@: no status effects
A: hooves 1, demonic magic 1
a: no special abilities


You escaped.
You visited 1 branch of the dungeon, and saw 1 of its levels.

You collected 25 gold pieces.

Inventory:

Hand Weapons
 d - a +0 dagger (weapon)
Armour
 a - a +0 robe (worn)
Scrolls
 e - a scroll of identify {unknown}
Potions
 b - a potion of magic
 c - 3 potions of enlightenment {unknown}


   Skills:
 - Level 1.7 Dodging
 - Level 1.7 Stealth
 + Level 2.7 Spellcasting
 + Level 4.5 Conjurations


You had 6 spell levels left.
You knew the following spells:

 Your Spells              Type           Power      Damage    Failure   Level
a - Magic Dart            Conj           84%        1d7       2%          1

Your spell library contained the following spells:

 Spells                   Type           Power      Damage    Failure   Level
 Searing Ray              Conj           42%        2d6       3%          2
 Dazzling Flash           Conj/Hex       24%        N/A       16%         3
 Sublimation of Blood     Necr           2%         N/A       21%         2
 Fulminant Prism          Conj/Hex       6%         3d7       47%         4
 Iskenderun's Mystic Bla  Conj/Tloc      12%        2d5       47%         4
 Petrify                  Tmut/Erth      2%         N/A       80%         4
 Irradiate                Conj/Tmut      6%         3d13      83%         5


Dungeon Overview and Level Annotations

Branches:
Dungeon (1/15)

Altars:


Innate Abilities, Weirdness & Mutations

You have large cloven feet.
Spells you cast may paralyse adjacent enemies.


Message History

Malevolent energies surge around you.
You can't see any susceptible monsters within range! (Use Z to cast anyway.)
You can't see any susceptible monsters within range! (Use Z to cast anyway.) Key pressed, stopping explore.
A rat comes into view.
A rat is nearby!
A rat is nearby!
A rat is nearby!
The magic dart hits the rat.
The rat is severely wounded.
Malevolent energies surge around you.
The magic dart hits the rat.
You kill the rat!
Malevolent energies surge around you.
A rat comes into view.
The magic dart hits the rat.
The rat is heavily wounded.
Malevolent energies surge around you.
The magic dart hits the rat.
You kill the rat!
Malevolent energies surge around you.
Key pressed, stopping explore.
A kobold comes into view. It is wielding a +0 whip.
A kobold is nearby!
A kobold is nearby!
The magic dart hits the kobold.
The kobold is moderately wounded.
Malevolent energies surge around you.
The magic dart hits the kobold.
You kill the kobold!
Malevolent energies surge around you.
You have reached level 3!
Your experience leads to an increase in your attributes!
Increase (S)trength, (I)ntelligence, or (D)exterity?
You feel clever. x2; Your demonic ancestry asserts itself...
Your feet thicken and deform.
Found a stone staircase leading down.
You see here a +0 short sword.
There is a staircase leading out of the dungeon here.
You have escaped!

#.#
#...##############........#
#.#
###.#.#(..#.###.##....#####.#
#†###...#...#.#...#..#.####
#.# #.##....#####.###.##.#..#
#.# #.......##....#....#.##.#
#.# ####....#..##.#..#......#
#.# ........####..#..########
#.# .#####..##...###.#...#..#
#.# ...# #..##.#....@....#.##
#.# .#)###..#..#...#.###...#
#####.#
........########..#..####
#.....#
........#......#..#.##..#
#.#####
#.......#.##.#....#....## #.#
#.#####.#..#.##.###.##### #.#
#.#.....##)#..#...#.#...# #.#
#.#.###....##.###.#...#.###.#
#.#.# #..##############..##.#


There were no monsters in sight!

Vanquished Creatures
  A dart slug (D:1)
  2 ball pythons (D:1)
  6 bats (D:1)
  3 endoplasms (D:1)
  2 giant cockroaches (D:1)
  A goblin (D:1)
  2 jackals (D:1)
  3 kobolds (D:1)
  2 frilled lizards (D:1)
  3 rats (D:1)
25 creatures vanquished.

Notes
Turn   | Place    | Note
-------+----------+-------------------------------------------
     0 | D:1      | Essalna the Demonspawn Conjurer began the quest for the
                  | Orb.
     0 | D:1      | Reached XP level 1. HP: 13/13 MP: 3/3
   228 | D:1      | Gained mutation: Spells you cast may paralyse adjacent
                  | enemies. [demonic ancestry]
   228 | D:1      | Reached XP level 2. HP: 19/19 MP: 3/5
   592 | D:1      | Found a faded altar of an unknown god.
   992 | D:1      | Gained mutation: You have large cloven feet. [demonic
                  | ancestry]
   992 | D:1      | Reached XP level 3. HP: 24/24 MP: 4/7
  1076 | D:$      | Got out of the dungeon alive.

Illustrated notes

Levels and vault maps discovered:
D:1:      psy_arrival_radial01, layout_loops_ring, basic_ecumenical_altar

Action                     || total
---------------------------++-------
  Melee: Dagger            ||     9
   Cast: Magic Dart        ||    43
 Armour: Robe              ||     6
  Dodge: Dodged            ||     5

Table legend: (Time is in decaauts)
 A = Elapsed time spent in this place.
 B = Non-inter-level travel time spent in this place.
 C = Inter-level travel time spent in this place.
 D = Time resting spent in this place.
 E = Time spent auto-exploring this place.
 F = Levels seen in this place.
 G = Mean time per level.
                   A        B        C        D        E       F      G
               +--------+--------+--------+--------+--------+-----+--------+
         Total |   1075 |   1026 |     49 |      0 |    934 |   1 | 1075.0 |
       Dungeon |   1075 |   1026 |     49 |      0 |    934 |   1 | 1075.0 |
               +--------+--------+--------+--------+--------+-----+--------+

Top non-repeatable levels by time:
     D:1: 1075 daAuts
